[Event "WSTCC-50 2020"]
[Site "Prague"]
[Date "2020.03.12"]
[Round "7.20"]
[White "Arndt, Olaf"]
[Black "Vrana, Frantisek"]
[Result "0-1"]
[ECO "B01"]
[WhiteElo "1887"]
[BlackElo "2231"]
[Annotator "ChessBase"]
[PlyCount "86"]
[EventDate "2020.03.06"]
[EventType "team-tourn"]
[EventCountry "CZE"]
[SourceTitle "playchess.com"]
[Source "ChessBase"]
[SourceQuality "1"]
[TimeControl "40/5400+30:1800+30"]

1. e4 d5 2. exd5 Qxd5 3. Nc3 Qa5 4. Bc4 Nf6 5. d4 Bf5 6. Nf3 e6 7. O-O c6 8. Re1 Bb4 9. Bd2 O-O 10. a3 Bxc3 11. Bxc3 Qc7 12. h3 Nbd7 13. Bd3 Bxd3 14. Qxd3 Rfd8 15. Qe2 h6 16. Rad1 a5 17. Nh2 b5 18. Bd2 Qd6 19. c4 Qb8 20. b4 axb4 21. Bxb4 Qb6 22. Nf3 Ra4 23. Ne5 bxc4 24. Nxc4 Qb5 25. Qc2 Nd5 26. Ne5 Nxe5 27. dxe5 Rc8 28. Bd6 c5 29. Rb1 Qa6 30. Rb7 Rxa3 31. Reb1 Ra2 32. Qe4 Ra1 33. Qf3 Qxb7 34. Rxa1 c4 35. Qe4 c3 36. Qc2 Nf4 37. f3 Qb2 38. Ra2 Qb6+ 39. Kh2 Qe3 40. h4 Nd5 41. Ra4 Qd2 42. Qxd2 cxd2 43. Rd4 Ne3 0-1

[Event "WSTCC-50 2020"]
[Site "Prague"]
[Date "2020.03.12"]
[Round "7.23"]
[White "Findlay, Ian T."]
[Black "Thurstan, Tim M"]
[Result "1/2-1/2"]
[ECO "C04"]
[WhiteElo "2159"]
[BlackElo "1987"]
[Annotator "ChessBase"]
[PlyCount "56"]
[EventDate "2020.03.06"]
[EventType "team-tourn"]
[EventCountry "CZE"]
[SourceTitle "playchess.com"]
[Source "ChessBase"]
[SourceQuality "1"]
[TimeControl "40/5400+30:1800+30"]

1. e4 e6 2. d4 d5 3. Nd2 Nc6 4. Ngf3 Nf6 5. e5 Nd7 6. Be2 f6 7. exf6 Qxf6 8. Nf1 Bd6 9. Ne3 O-O 10. O-O Qg6 11. c4 Nf6 12. a3 Bd7 13. b4 Ne7 14. Ne5 Qe8 15. Bb2 dxc4 16. Bxc4 Ned5 17. Qb3 c6 18. Rae1 Qh5 19. f4 Bxe5 20. dxe5 Ng4 21. Nxg4 Qxg4 22. h3 Qh4 23. f5 Rxf5 24. Bxd5 cxd5 25. Rxf5 Qxe1+ 26. Rf1 Qe4 27. Qf3 Qxf3 28. Rxf3 Rc8 1/2-1/2

[Event "WSTCC-50 2020"]
[Site "Prague"]
[Date "2020.03.12"]
[Round "7.24"]
[White "Lawrence, Paul"]
[Black "Barron, Michael"]
[Result "0-1"]
[ECO "A88"]
[WhiteElo "1894"]
[BlackElo "2075"]
[Annotator "ChessBase"]
[PlyCount "38"]
[EventDate "2020.03.06"]
[EventType "team-tourn"]
[EventCountry "CZE"]
[SourceTitle "playchess.com"]
[Source "ChessBase"]
[SourceQuality "1"]
[TimeControl "40/5400+30:1800+30"]

1. c4 f5 2. d4 Nf6 3. Nc3 d6 4. Nf3 g6 5. g3 Bg7 6. Bg2 O-O 7. O-O c6 8. Bd2 h6 9. Qc2 Na6 10. a3 Bd7 11. Nh4 Qe8 12. b4 e5 13. dxe5 dxe5 14. e4 f4 15. gxf4 exf4 16. Bxf4 g5 17. e5 Ng4 18. Ng6 Bf5 19. Be4 Qxg6 0-1

[Event "WSTCC-50 2020"]
[Site "Prague"]
[Date "2020.03.12"]
[Round "7.34"]
[White "Sirotkina, Nina"]
[Black "Hosticka, Frantisek"]
[Result "1/2-1/2"]
[ECO "A41"]
[WhiteElo "2183"]
[BlackElo "2096"]
[Annotator "ChessBase"]
[PlyCount "82"]
[EventDate "2020.03.06"]
[EventType "team-tourn"]
[EventCountry "CZE"]
[SourceTitle "playchess.com"]
[Source "ChessBase"]
[SourceQuality "1"]
[TimeControl "40/5400+30:1800+30"]

1. d4 d6 2. Bf4 Bg4 3. h3 Bh5 4. Nd2 Nf6 5. Ngf3 e6 6. e3 Be7 7. Be2 O-O 8. O-O Nbd7 9. c3 Nb6 10. a4 a5 11. Re1 Re8 12. e4 d5 13. e5 Nfd7 14. Nb3 Nc4 15. Ra2 Bg6 16. Nc1 c5 17. Nd3 cxd4 18. cxd4 Rc8 19. b3 Ncb6 20. Bd2 Na8 21. Nf4 Nb8 22. Nxg6 hxg6 23. Bb5 Nc6 24. Qb1 Rf8 25. Rc2 Qb6 26. Qb2 Nc7 27. Bxc6 bxc6 28. Qc3 Na8 29. Qxa5 Qxb3 30. Rcc1 Qb6 31. Qc3 c5 32. a5 Qa6 33. Rb1 cxd4 34. Qxd4 Rc4 35. Qb2 Bc5 36. Rbc1 Qa7 37. Rf1 Rb8 38. Qa1 Re4 39. Qc3 Rc4 40. Qa1 Re4 41. Qc3 Rc4 1/2-1/2

[Event "WSTCC-50 2020"]
[Site "Prague"]
[Date "2020.03.12"]
[Round "7.35"]
[White "Strnad, Josef"]
[Black "Bogumil, Tatiana"]
[Result "0-1"]
[ECO "A48"]
[WhiteElo "1860"]
[BlackElo "2182"]
[Annotator "ChessBase"]
[PlyCount "130"]
[EventDate "2020.03.06"]
[EventType "team-tourn"]
[EventCountry "CZE"]
[SourceTitle "playchess.com"]
[Source "ChessBase"]
[SourceQuality "1"]
[TimeControl "40/5400+30:1800+30"]

1. Nf3 Nf6 2. d4 g6 3. c4 Bg7 4. Nc3 d6 5. Bf4 Nh5 6. Bg5 h6 7. Bd2 O-O 8. e4 Nc6 9. Be3 Kh7 10. Be2 Bd7 11. Qd2 Nf6 12. h3 Ng8 13. d5 Ne5 14. Nd4 c5 15. dxc6 Nxc6 16. O-O Qc8 17. Rac1 b6 18. f4 Rd8 19. Bf3 Rb8 20. Nxc6 Bxc6 21. Qe2 Qb7 22. Bf2 Nf6 23. Bg3 Nd7 24. e5 Bxf3 25. Rxf3 f5 26. exf6 Nxf6 27. Re1 Qc6 28. Kf1 Rb7 29. Qe6 Rc8 30. b3 Qd7 31. Qe2 Qf5 32. Bh2 h5 33. Nb5 Ng8 34. Rd1 a6 35. Na3 Nf6 36. Nc2 Ng8 37. Ne3 Qe4 38. g4 Rf8 39. f5 gxf5 40. gxf5 Bh6 41. Nd5 Qxe2+ 42. Kxe2 Nf6 43. Nf4 Bxf4 44. Rxf4 Rg8 45. Kf3 b5 46. Rd2 bxc4 47. Rxc4 Rb5 48. Kf4 Kh6 49. Re2 Rg5 50. Re6 Rgxf5+ 51. Ke3 Rb7 52. Bf4+ Kg7 53. Bxd6 exd6 54. Rxd6 Re7+ 55. Kd4 Re4+ 56. Kc3 Re3+ 57. Kb4 a5+ 58. Ka4 Rxh3 59. Ra6 Rh2 60. a3 Ra2 61. b4 axb4 62. Rxb4 Kg6 63. Kb3 Raf2 64. a4 Kg5 65. Rb5 h4 0-1

[Event "WSTCC-50 2020"]
[Site "Prague"]
[Date "2020.03.12"]
[Round "7.38"]
[White "Grabuzova, Tatiana"]
[Black "Bartos, Jan"]
[Result "1-0"]
[ECO "E04"]
[WhiteElo "2272"]
[BlackElo "2102"]
[Annotator "ChessBase"]
[PlyCount "79"]
[EventDate "2020.03.06"]
[EventType "team-tourn"]
[EventCountry "CZE"]
[SourceTitle "playchess.com"]
[Source "ChessBase"]
[SourceQuality "1"]
[TimeControl "40/5400+30:1800+30"]

1. d4 Nf6 2. c4 e6 3. g3 d5 4. Bg2 dxc4 5. Nf3 c5 6. O-O Nc6 7. dxc5 Qxd1 8. Rxd1 Bxc5 9. Nbd2 c3 10. bxc3 O-O 11. Ne1 Bd7 12. Nd3 Be7 13. Bb2 Rfd8 14. Nb3 b6 15. a4 Rab8 16. a5 Nxa5 17. Nxa5 bxa5 18. Rxa5 Bb5 19. Rxa7 Bc5 20. Ra5 Bxd3 21. Rxd3 Bxf2+ 22. Kf1 Bb6 23. Rb5 Rxd3 24. exd3 Ng4 25. Bh3 Nf2 26. Ba3 Nxh3 27. Bd6 Rb7 28. Bc5 Bxc5 29. Rxb7 Bf8 30. Kg2 Ng5 31. h4 h6 32. hxg5 hxg5 33. d4 g6 34. c4 Bg7 35. Rb8+ Kh7 36. Rd8 Bf6 37. Rd7 Kg7 38. c5 Kf8 39. c6 Ke8 40. Rb7 1-0

[Event "WSTCC-50 2020"]
[Site "Prague"]
[Date "2020.03.12"]
[Round "7.40"]
[White "Chudinovskikh, Alexander M"]
[Black "Chaloupka, Frantisek"]
[Result "1-0"]
[ECO "B51"]
[WhiteElo "2139"]
[BlackElo "1990"]
[Annotator "ChessBase"]
[PlyCount "68"]
[EventDate "2020.03.06"]
[EventType "team-tourn"]
[EventCountry "CZE"]
[SourceTitle "playchess.com"]
[Source "ChessBase"]
[SourceQuality "1"]
[TimeControl "40/5400+30:1800+30"]

1. e4 c5 2. Nf3 d6 3. Bb5+ Nd7 4. O-O a6 5. Bd3 g6 6. a4 b6 7. c3 Bg7 8. Bc2 c4 9. b3 cxb3 10. Bxb3 Nc5 11. Bc2 Nf6 12. Re1 O-O 13. d4 Ne6 14. Nbd2 Bd7 15. Nf1 b5 16. h3 Qc7 17. Bd2 Rfc8 18. axb5 Bxb5 19. Ne3 Nd7 20. Nd5 Qd8 21. Ng5 Nxg5 22. Bxg5 f6 23. Bd2 Nb6 24. Nxb6 Qxb6 25. Qg4 Qd8 26. Bb3+ Kh8 27. Be6 Rc7 28. Reb1 Bd7 29. Bxd7 Qxd7 30. Rxa6 Rxa6 31. Rb8+ Bf8 32. Bh6 Ra8 33. Rb1 Bg7 34. Bd2 Rac8 1-0

[Event "WSTCC-50 2020"]
[Site "Prague"]
[Date "2020.03.12"]
[Round "7.43"]
[White "Marsalek, Zdenek"]
[Black "Harstad, Christian"]
[Result "1-0"]
[ECO "E63"]
[WhiteElo "2177"]
[BlackElo "1854"]
[Annotator "ChessBase"]
[PlyCount "73"]
[EventDate "2020.03.06"]
[EventType "team-tourn"]
[EventCountry "CZE"]
[SourceTitle "playchess.com"]
[Source "ChessBase"]
[SourceQuality "1"]
[TimeControl "40/5400+30:1800+30"]

1. d4 Nf6 2. c4 g6 3. Nc3 Bg7 4. Nf3 O-O 5. g3 d6 6. Bg2 Nc6 7. O-O a6 8. h3 Bd7 9. e4 e5 10. Be3 Qc8 11. Kh2 Nh5 12. Rc1 exd4 13. Nxd4 Re8 14. Re1 Ne5 15. Nd5 Be6 16. Rc2 Qd8 17. b3 c5 18. Ne2 Nc6 19. Rd2 Qa5 20. a4 Rad8 21. Bg5 Rc8 22. g4 h6 23. Be3 Nf6 24. Ndf4 Bxg4 25. hxg4 Nxg4+ 26. Kg1 Qd8 27. Bxc5 Qh4 28. Bb6 Qh2+ 29. Kf1 g5 30. Rd3 Qh4 31. Rh3 Nh2+ 32. Kg1 Qg4 33. Nd5 Be5 34. f4 gxf4 35. Rxh2 f3 36. Nef4 Nd4 37. Rh1 1-0

[Event "WSTCC-50 2020"]
[Site "Prague"]
[Date "2020.03.12"]
[Round "7.46"]
[White "Jeske, Eckhard"]
[Black "Kubikova, Hana"]
[Result "1/2-1/2"]
[ECO "A16"]
[WhiteElo "2158"]
[BlackElo "2064"]
[Annotator "ChessBase"]
[PlyCount "53"]
[EventDate "2020.03.06"]
[EventType "team-tourn"]
[EventCountry "CZE"]
[SourceTitle "playchess.com"]
[Source "ChessBase"]
[SourceQuality "1"]
[TimeControl "40/5400+30:1800+30"]

1. c4 Nf6 2. Nc3 e5 3. Nf3 d6 4. d4 Nbd7 5. g3 Be7 6. Bg2 c6 7. O-O O-O 8. Qc2 Re8 9. Re1 Qc7 10. e4 Nf8 11. h3 a6 12. Be3 c5 13. d5 Ng6 14. Nd2 Bd7 15. a4 b6 16. Kh2 Qc8 17. Nf3 Rf8 18. Ng1 Ne8 19. Nge2 Qd8 20. Qd2 Rb8 21. Rab1 a5 22. b3 h5 23. f4 f5 24. Rf1 h4 25. fxe5 Nxe5 26. gxh4 Bxh4 27. Nf4 1/2-1/2

[Event "WSTCC-50 2020"]
[Site "Prague"]
[Date "2020.03.12"]
[Round "7.47"]
[White "Svobodova, Michaela"]
[Black "Jansen, Andreas"]
[Result "1-0"]
[ECO "B06"]
[WhiteElo "1988"]
[BlackElo "2206"]
[Annotator "ChessBase"]
[PlyCount "49"]
[EventDate "2020.03.06"]
[EventType "team-tourn"]
[EventCountry "CZE"]
[SourceTitle "playchess.com"]
[Source "ChessBase"]
[SourceQuality "1"]
[TimeControl "40/5400+30:1800+30"]

1. e4 g6 2. d4 d6 3. Bc4 Bg7 4. Nf3 c6 5. Bb3 Qc7 6. O-O e5 7. c3 Nf6 8. Re1 O-O 9. Bg5 Nbd7 10. Nbd2 Nb6 11. a4 a5 12. h3 Kh8 13. Qc2 Ng8 14. Nc4 Nxc4 15. Bxc4 f5 16. dxe5 dxe5 17. exf5 Bxf5 18. Qb3 Ne7 19. Bh4 Bc8 20. Bg3 Rxf3 21. gxf3 Bxh3 22. Be6 Bf5 23. Rad1 Rd8 24. Qxb7 Rxd1 25. Rxd1 1-0

[Event "WSTCC-50 2020"]
[Site "Prague"]
[Date "2020.03.12"]
[Round "7.48"]
[White "Moritz, Hartmut"]
[Black "Taborska, Veronika"]
[Result "1/2-1/2"]
[ECO "B00"]
[WhiteElo "2088"]
[BlackElo "1995"]
[Annotator "ChessBase"]
[PlyCount "74"]
[EventDate "2020.03.06"]
[EventType "team-tourn"]
[EventCountry "CZE"]
[SourceTitle "playchess.com"]
[Source "ChessBase"]
[SourceQuality "1"]
[TimeControl "40/5400+30:1800+30"]

1. e4 d6 2. d3 Nf6 3. f4 e5 4. Nf3 Nc6 5. c3 Bg4 6. Be2 g6 7. O-O Bg7 8. Na3 Qe7 9. h3 Bd7 10. Be3 exf4 11. Bxf4 Nh5 12. Bh2 O-O-O 13. Nc2 Nf6 14. b4 h5 15. b5 Ne5 16. d4 Nxf3+ 17. Bxf3 g5 18. e5 dxe5 19. dxe5 Nh7 20. Qd5 Bc6 21. Qc4 Bxf3 22. Rxf3 Rhf8 23. Re1 Qe6 24. Qc5 Qb6 25. Qxb6 axb6 26. Nd4 Rde8 27. Rf5 f6 28. e6 Rg8 29. Rd5 g4 30. Rd7 g3 31. Bxg3 Bf8 32. Rxc7+ Kd8 33. Rd7+ Kc8 34. Bf4 Ng5 35. Rc7+ Kd8 36. h4 Nh3+ 37. Kf1 Nxf4 1/2-1/2